 Dungeon Crawl Stone Soup version 0.21.1-1-g345015f (webtiles) character file.

53 Kairos the Charmwright (level 3, -4/28 HPs)
             Began as a Demonspawn Skald on Mar 25, 2018.
             Slain by Sigmund
             ... wielding a +0 scythe
              (11 damage)
             ... on level 2 of the Dungeon.
             The game lasted 00:03:09 (1569 turns).

Kairos the Charmwright (Demonspawn Skald)           Turns: 1569, Time: 00:03:10

Health: -4/28      AC:  5    Str: 12    XL:     3   Next: 62%
Magic:  3/6        EV: 12    Int: 16    God:
Gold:   102        SH:  0    Dex: 12    Spells: 3/6 levels left

rFire    . . .     SeeInvis .   a - +1 mace
rCold    . . .     Gourm    .   (no shield)
rNeg     . . .     Faith    .   b - +0 leather armour
rPois    .         Spirit   .   (no helmet)
rElec    .         Reflect  .   (no cloak)
rCorr    .         Harm     .   (no gloves)
MR       .....                  (no boots)
Stlth    +.........             (no amulet)
HPRegen  0.09/turn              h - +2 ring of intelligence
MPRegen  0.10/turn              (no ring)

@: confused
A: slimy green scales 1
a: no special abilities


You were on level 2 of the Dungeon.
You were not hungry.

You visited 1 branch of the dungeon, and saw 2 of its levels.

You collected 102 gold pieces.

Inventory:

Hand Weapons
 a - a +1 mace (weapon)
Armour
 b - a +0 leather armour (worn)
Jewellery
 h - a +2 ring of intelligence (left hand)
Scrolls
 e - 2 scrolls of teleportation
 f - 2 scrolls of identify
 k - a scroll of magic mapping {unknown}
Potions
 l - a potion of agility {unknown}
Books
 c - a book of Battle

   Spells                             Type                      Level
   a - Infusion                       Charms                       1
   b - Shroud of Golubria             Charms/Translocation         2
   c - Song of Slaying                Charms                       2
   d - Spectral Weapon                Hexes/Charms                 3
   e - Regeneration                   Charms/Necromancy            3
Comestibles
 d - 7 rations


   Skills:
 + Level 2.3 Fighting
 + Level 2.4 Maces & Flails
 + Level 1.0 Armour
 + Level 2.0 Dodging
 + Level 0.5 Stealth
 + Level 2.2 Spellcasting
 + Level 3.1 Charms


You had 3 spell levels left.
You knew the following spells:

 Your Spells              Type           Power        Failure   Level  Hunger
a - Infusion              Chrm           ##..         7%          1    #......
b - Shroud of Golubria    Chrm/Tloc      #.........   21%         2    ###....


Dungeon Overview and Level Annotations

Branches:
Dungeon (2/15)

Altars:

Annotations:
D:2 Sigmund


Innate Abilities, Weirdness & Mutations

You are partially covered in slimy green scales. (AC +2)


Message History

Sigmund points at you and mumbles some strange words.
The puff of flame hits you! Sigmund barely misses you.
You closely miss Sigmund.
Sigmund is moderately wounded.
Sigmund points at you and mumbles some strange words.
You are confused.
You closely miss Sigmund.
Sigmund is moderately wounded.
Sigmund barely misses you. Sigmund closely misses you.
You barely miss Sigmund.
Sigmund is moderately wounded.
Sigmund barely misses you.
Sigmund hits you from afar with a scythe!
* * * LOW HITPOINT WARNING * * *
Found a runed helmet.
Found a stone staircase leading up.
You bump into the rock wall.
Sigmund breathes a few words.
Sigmund's hands start flickering wildly.
Sigmund hits you from afar with a scythe!
You die...

#..#.###.....#.).#
#..#......##.#####
#..###....##...#
##.......###....#
####..#########.####
...(.###.!.........#
##.### #.######@##.#
.#.# #..# .. )#.#
.......#@# .# .#.#
######.#...# ..
.#.### [.#.....#.
##...# <#...#......
##.### #.###.###....
##.# # ... .... ...#
#.. ..# #### ### .#


You could see Sigmund.

Vanquished Creatures
  Jessica (D:2)
  2 dart slugs (D:2)
  2 leopard geckos
  2 goblins (D:1)
  3 hobgoblins (D:1)
  A quokka (D:2)
  A ball python (D:1)
  4 bats
  A frilled lizard (D:1)
  3 kobolds
  3 rats (D:1)
23 creatures vanquished.

Vanquished Creatures (others)
  A draconian (D:1)
  A gargoyle (D:1)
  An octopode (D:1)
  A vine stalker (D:1)
  3 vampires (D:1)
  A dwarf (D:1)
  An ogre (D:1)
  3 centaurs (D:1)
  5 tentacles (D:1)
17 creatures vanquished.

Grand Total: 40 creatures vanquished

Notes
Turn   | Place    | Note
-------+----------+-------------------------------------------
     0 | D:1      | Kairos the Demonspawn Skald began the quest for the Orb.
     0 | D:1      | Reached XP level 1. HP: 16/16 MP: 3/3
     0 | D:1      | Noticed a dwarf
     0 | D:1      | Noticed a vampire
     0 | D:1      | Noticed a vine stalker
     0 | D:1      | Noticed an ogre
     0 | D:1      | Noticed a vampire
     0 | D:1      | Noticed an octopode
     0 | D:1      | Noticed a kraken
     0 | D:1      | Noticed a draconian
     0 | D:1      | Noticed a centaur
     0 | D:1      | Noticed a centaur
     0 | D:1      | Noticed a vampire
     0 | D:1      | Noticed a gargoyle
     0 | D:1      | Noticed a centaur
     3 | D:1      | Killed a vine stalker
     3 | D:1      | Killed an octopode
     3 | D:1      | Killed a centaur
     4 | D:1      | Killed a centaur
     6 | D:1      | Killed a dwarf
     6 | D:1      | Killed an ogre
     7 | D:1      | Killed a vampire
     7 | D:1      | Killed a vampire
     8 | D:1      | Killed a gargoyle
     9 | D:1      | Killed a vampire
     9 | D:1      | Killed a centaur
    10 | D:1      | Killed a draconian
   154 | D:1      | Gained mutation: You are partially covered in slimy green scales. (AC +2) [demonic ancestry]
   154 | D:1      | Reached XP level 2. HP: 6/22 MP: 0/5
   509 | D:1      | Reached skill level 3 in Charms
  1203 | D:2      | Noticed Jessica
  1222 | D:2      | Killed Jessica
  1222 | D:2      | Reached skill level 1 in Armour
  1222 | D:2      | Reached XP level 3. HP: 16/28 MP: 2/6
  1546 | D:2      | Noticed Sigmund
  1552 | D:2      | Learned a level 2 spell: Shroud of Golubria
  1569 | D:2      | Slain by Sigmund

Skill      XL: |  1  2 |
---------------+-------+-----
Maces & Flails | 2 |  2.4
Charms         | 3 |  3.1
Armour         | 1 |  1.0
Dodging        | 2 |  2.0
Fighting       | |  2.3
Stealth        | |  0.5
Spellcasting   | |  2.2

Action                   || total
-------------------------++-------
Melee: Mace              ||    71
 Cast: Infusion          ||     3
       Shroud of Golubri ||     1
  Use: Scroll            ||     4
  Eat: Chunk             ||     2
Armor: Leather armour    ||    10
       Ring mail         ||     5
Dodge: Dodged            ||    45
